 Dungeon Crawl Stone Soup version 0.20.1-1-g8b1a95d66d (webtiles) character file.

151 Jynx the Changer (level 5, 0/40 HPs)
             Began as a Draconian Transmuter on Dec 27, 2017.
             Killed from afar by Ijyb (17 damage)
             ... with a wand of lightning (?/15)
             ... on level 3 of the Dungeon.
             The game lasted 00:04:29 (2652 turns).

Jynx the Changer (Draconian Transmuter)             Turns: 2652, Time: 00:04:30

Health: 0/40       AC:  8    Str: 12    XL:     5   Next: 10%
Magic:  10/10      EV: 12    Int: 14    God:
Gold:   111        SH:  0    Dex: 12    Spells: 4/10 levels left

rFire    . . .     SeeInvis .     - Unarmed
rCold    . . .     Gourm    .   (no shield)
rNeg     . . .     Faith    .   (armour unavailable)
rPois    .         Spirit   .   (helmet restricted)
rElec    .         Reflect  .   (no cloak)
rCorr    .         Harm     .   p - +2 pair of gloves
MR       .....                  (no boots)
Stlth    +.........             (no amulet)
Regen    0.2/turn               (no ring)
MPRegen  0.2/turn               (no ring)

@: appendage (expiring)
A: unfitting armour, horns 2, cold-blooded, AC +5
a: End Transformation


You were on level 3 of the Dungeon.
You were not hungry.
You had grown temporary horns.
You visited 1 branch of the dungeon, and saw 3 of its levels.

You collected 111 gold pieces.

Inventory:

Missiles
 a - 92 arrows
Armour
 p - a +2 pair of gloves (worn)
Jewellery
 g - an uncursed ring of flight
Scrolls
 f - a scroll of enchant weapon
 h - a scroll of recharging {unknown}
 k - a scroll of remove curse
 m - a scroll of fog {unknown}
 r - a scroll of immolation {unknown}
 t - a scroll of teleportation {unknown}
Potions
 d - 2 potions of degeneration {unknown}
 e - a potion of agility
 j - a potion of ambrosia
 n - a potion of haste
 o - a potion of mutation {unknown}
 q - a potion of might {unknown}
 s - a potion of heal wounds {unknown}
Books
 b - a book of Changes

   Spells                             Type                      Level
   a - Beastly Appendage              Transmutation                1
   b - Sticks to Snakes               Transmutation                2
   c - Spider Form                    Transmutation/Poison         3
   d - Ice Form                       Ice/Transmutation            4
   e - Blade Hands                    Transmutation                5
Comestibles
 c - 3 bread rations
 i - a meat ration


   Skills:
 - Level 1.1 Fighting
 - Level 1.7 Dodging
 - Level 3.0 Unarmed Combat
 + Level 3.4 Spellcasting
 * Level 4.3 Transmutations


You had 4 spell levels left.
You knew the following spells:

 Your Spells              Type           Power        Failure   Level  Hunger
a - Beastly Appendage     Tmut           ##....       3%          1    #......
b - Sticks to Snakes      Tmut           ##......     5%          2    ##.....
c - Spider Form           Tmut/Pois      #.........   26%         3    ###....


Dungeon Overview and Level Annotations

Branches:
Dungeon (3/15)

Altars:

Annotations:
D:3 Ijyb


Innate Abilities, Weirdness & Mutations

Your plain brown scales are hard. (AC +5)
You cannot fit into any form of body armour.
You are cold-blooded and may be slowed by cold attacks.
You have a pair of horns on your head.


Message History

Ijyb misses you.
You closely miss Ijyb.
Ijyb is heavily wounded.
Ijyb hits you but does no damage.
You barely miss Ijyb. You tail-slap Ijyb, but do no damage.
Ijyb is heavily wounded.
Ijyb hits you but does no damage.
You hit Ijyb. Your headbutt misses Ijyb.
Ijyb is heavily wounded.
Ijyb zaps a wand.
The bolt of lightning misses you.
You closely miss Ijyb. Your headbutt misses Ijyb.
Ijyb is heavily wounded.
Ijyb hits you with a dagger.
You barely miss Ijyb.
Ijyb is heavily wounded.
Ijyb zaps a wand.
The bolt of lightning misses you.
You closely miss Ijyb.
Your tail-slap misses Ijyb.
Ijyb is heavily wounded.
Ijyb zaps a wand.
The bolt of lightning hits you!
You die...

...... #..[.†
....# #.##..
....# #<##..
...# #.##..
#..# #.##..
#..# #.##..
#..# #.##..
#..#######
#.##..
#...g@...#
#.##..
..>....#####.#
#.##.. ########
#.# ##..... #.#
#......
#.#######.###.#
#.........# #.#
########### #.#
#.# ###..


You could see Ijyb.

Vanquished Creatures
  Terence (D:2)
  Natasha (twice) (D:2)
  2 adders
  2 worms
  2 dart slugs
  3 leopard geckos
  6 orcs (D:3)
  A giant cockroach (D:3)
  3 hobgoblins
  2 jackals (D:1)
  A quokka (D:3)
  5 bats
  A frilled lizard (D:1)
  3 goblins
  5 kobolds
  3 rats
42 creatures vanquished.

Notes
Turn   | Place    | Note
-------+----------+-------------------------------------------
     0 | D:1      | Jynx the Draconian Transmuter began the quest for the Orb.
     0 | D:1      | Reached XP level 1. HP: 16/16 MP: 3/3
   201 | D:1      | Reached XP level 2. HP: 11/23 MP: 3/5
  1151 | D:2      | Reached skill level 3 in Transmutations
  1151 | D:2      | Reached XP level 3. HP: 15/28 MP: 4/6
  1488 | D:2      | Noticed Terence
  1510 | D:2      | Killed Terence
  1559 | D:2      | Noticed Natasha
  1736 | D:2      | Killed Natasha
  1736 | D:2      | Reached XP level 4. HP: 11/35 MP: 6/8
  1800 | D:2      | Noticed Natasha
  1965 | D:2      | Killed Natasha
  1965 | D:2      | Reached skill level 4 in Transmutations
  2345 | D:3      | Reached XP level 5. HP: 30/40 MP: 10/10
  2521 | D:3      | Learned a level 2 spell: Sticks to Snakes
  2525 | D:3      | Learned a level 3 spell: Spider Form
  2631 | D:3      | Noticed Ijyb
  2652 | D:3      | Killed from afar by Ijyb

Skill      XL: |  1  2  3  4 |
---------------+-------------+-----
Transmutations | 3 4 |  4.3
Spellcasting   | 3 |  3.4
Fighting       | |  1.1
Dodging        | |  1.7
Unarmed Combat | |  3.0

Action                   |  1- 3 |  4- 6 || total
-------------------------+-------+-------++-------
Melee: Unarmed           |   116 |   116 ||   232
       Headbutt          |     8 |     6 ||    14
       Tailslap          |     7 |    17 ||    24
       Kick              |     8 |     1 ||     9
       Punch             |       |     1 ||     1
 Cast: Beastly Appendage |    20 |    11 ||    31
  Use: Scroll            |     4 |     3 ||     7
  Eat: Chunk             |     3 |     3 ||     6
Armor: Skin              |    30 |    36 ||    66
Dodge: Dodged            |    78 |    59 ||   137
